 Dungeon Crawl Stone Soup version 0.20.1-1-g8b1a95d (webtiles) character file.

175492 wnhky the Tortoise (level 17, -2/249 HPs)
             Began as a Minotaur Berserker on Sept 12, 2017.
             Was the Champion of Trog.
             Slain by Polyphemus (15 damage)
             ... on level 2 of the Shoals on Sept 13, 2017.
             The game lasted 01:17:18 (30603 turns).

wnhky the Tortoise (Minotaur Berserker)            Turns: 30603, Time: 01:17:19

Health: -2/249     AC: 29    Str: 35    XL:     17   Next: 22%
Magic:  23/23      EV: 21    Int:  8    God:    Trog [******]
Gold:   1596       SH:  0    Dex: 15    Spells: 16/16 levels left

rFire    . . .     SeeInvis .   C - +9 battleaxe "Iwogar" {speed, *Drain +Fly Str+6 Int+5}
rCold    . . .     Gourm    .   (shield currently unavailable)
rNeg     + . .     Faith    .   Q - +0 plate armour
rPois    +         Spirit   .   e - +2 hat
rElec    .         Reflect  .   P - +2 ratskin cloak {+Rats rPois rN+ Str-1 Int-1 Dex+1}
rCorr    .         Harm     .   r - +0 pair of gloves
MR       +....                  (no boots)
Stlth    ..........             (no amulet)
Regen    0.6/turn               L - ring of flight
MPRegen  0.2/turn               F - +5 ring of evasion

@: berserking (expiring), lethally poisoned (-2 -> -2), barbed spikes, slow
A: retaliatory headbutt, horns 2, icy blue scales 1, sense surroundings 1
}: 1/15 runes: serpentine
a: Berserk, Trog's Hand, Brothers in Arms, Burn Spellbooks, Renounce Religion,
Evoke Ratskin, Evoke Flight


You were on level 2 of the Shoals.
You worshipped Trog.
Trog was exalted by your worship.
You were not hungry.

You visited 5 branches of the dungeon, and saw 24 of its levels.
You also visited: Volcano.

You collected 2372 gold pieces.
You spent 776 gold pieces at shops.

Inventory:

Hand Weapons
 C - the +9 battleaxe "Iwogar" (weapon) {speed, *Drain +Fly Str+6 Int+5}
   (Trog gifted it to you on level 1 of the Lair of Beasts)

   Attacks with this weapon are significantly faster.
   It affects your strength (+6).
   It affects your intelligence (+5).
   It lets you fly.
   It causes draining when unequipped.
Armour
 e - a +2 hat (worn)
 f - a +0 cloak of fire resistance
 r - a +0 pair of gloves (worn)
 P - the +2 ratskin cloak (worn) {+Rats rPois rN+ Str-1 Int-1 Dex+1}
   (You bought it in a shop on level 2 of the Orcish Mines)

   It affects your strength (-1).
   It affects your intelligence (-1).
   It affects your dexterity (+1).
   It protects you from poison.
   It protects you from negative energy.
 Q - a +0 plate armour (worn)
Jewellery
 a - a +4 ring of dexterity
 y - an uncursed ring of protection from magic
 D - an uncursed ring of protection from cold
 F - a +5 ring of evasion (right hand)
 H - an uncursed ring of resist corrosion
 L - a ring of flight (left hand)
 R - an uncursed ring of see invisible
Wands
 h - a wand of iceblast (6/15)
 n - a wand of scattershot (5/9)
 x - a wand of acid (4/15)
 T - a wand of digging (10/24)
 X - a wand of iceblast (7/15)
Scrolls
 b - 2 scrolls of identify
 d - 7 scrolls of teleportation
 i - 4 scrolls of enchant armour
 j - 9 scrolls of magic mapping
 l - 6 scrolls of remove curse
 p - 2 scrolls of enchant weapon
 q - 3 scrolls of fear
 A - 6 scrolls of recharging
 S - 3 scrolls of fog {unknown}
Potions
 c - 5 potions of resistance
 g - 6 potions of mutation
 k - 3 potions of brilliance
 m - 4 potions of curing
 o - a potion of magic
 s - 3 potions of flight
 t - 5 potions of haste
 v - 2 potions of berserk rage
 w - 4 potions of agility
 z - a potion of cancellation
 G - 4 potions of might
 J - 6 potions of heal wounds
 O - a potion of invisibility
Books
 I - a book of Frost

   Spells                             Type                      Level
   a - Freeze                         Ice                          1
   b - Throw Frost                    Conjuration/Ice              2
   c - Ozocubu's Armour               Charms/Ice                   3
   d - Throw Icicle                   Conjuration/Ice              4
   e - Summon Ice Beast               Ice/Summoning                4
   Trog disapproves of the use of such an item.
 K - Sif Muna's Incunabulum of Icy Clay
   (You found it on level 5 of the Lair of Beasts)

   Spells                             Type                      Level
   a - Ensorcelled Hibernation        Hexes/Ice                    2
   b - Stone Arrow                    Conjuration/Earth            3
   c - Bolt of Cold                   Conjuration/Ice              6
   d - Shatter                        Earth                        9
   Trog disapproves of the use of such an item.
 V - a book of Changes

   Spells                             Type                      Level
   a - Beastly Appendage              Transmutation                1
   b - Sticks to Snakes               Transmutation                2
   c - Spider Form                    Transmutation/Poison         3
   d - Ice Form                       Ice/Transmutation            4
   e - Blade Hands                    Transmutation                5
   Trog disapproves of the use of such an item.
 Y - a book of Debilitation

   Spells                             Type                      Level
   a - Corona                         Hexes                        1
   b - Slow                           Hexes                        2
   c - Inner Flame                    Hexes/Fire                   3
   d - Portal Projectile              Hexes/Translocation          3
   e - Cause Fear                     Hexes                        4
   f - Leda's Liquefaction            Hexes/Earth                  4
   Trog disapproves of the use of such an item.
Comestibles
 u - 5 bread rations
 B - 8 meat rations
 E - 24 royal jellies
 M - 6 fruits


   Skills:
 * Level 18.6 Fighting
 * Level 18.1 Axes
 * Level 20.4 Armour
 + Level 12.0 Dodging
   Level 5.3 Shields
 + Level 9.6 Evocations


You had 16 spell levels left.
You didn't know any spells.

Dungeon Overview and Level Annotations

Branches:
Dungeon (10/15)            Temple (0/1) D:7            Lair (6/6) D:9
 Shoals (2/4) Lair:3        Snake (4/4) Lair:4        Slime (0/5) Lair:6
    Orc (2/2) D:10            Elf (0/3) Orc:2

Altars:
Elyvilon
Makhleb
Okawaru
Ru
Trog
Uskayaw
Zin
Jiyva

Shops:
D:9 ?*   D:10 %   Orc:2 !:[*   Snake:1 =}=   Snake:3 %

Portals:
Hell: Lair:6

Annotations:
Shoals:2 Polyphemus


Innate Abilities, Weirdness & Mutations

You reflexively headbutt those who attack you in melee.
You have a pair of horns on your head.
You are partially covered in icy blue scales. (AC +2)
You passively map a small area around you.


Message History

You are too berserk!
You are too berserk!
You are too berserk!
Your unstable footing causes you to fumble your attack.
The catoblepas gores you but does no damage.
The merfolk completely misses you.
The water nymph is engulfed in calcifying dust.
The manticore completely misses you. The manticore closely misses you. x2
Unknown command.
You slice Polyphemus!!
You headbutt Polyphemus, but do no damage.
Polyphemus is lightly wounded.
You cut the catoblepas into ribbons!!! You slash the manticore!
The helpless water nymph fails to defend herself.
You slice the water nymph like a ripe choko!!!
Unknown command.
Your unstable footing causes you to fumble your attack.
Polyphemus misses you. You furiously retaliate!
You headbutt Polyphemus. Polyphemus hits you!
You die...

≈ ≈
≈≈≈≈≈≈≈≈≈≈≈≈≈≈≈#
≈≈≈≈≈≈≈≈≈≈≈≈≈≈≈≈#
≈
≈≈≈≈≈≈≈≈≈≈≈≈≈≈≈≈#
PPPP≈≈≈≈≈≈≈≈≈≈≈≈≈#
≈≈≈P≈≈≈≈≈≈≈≈≈≈≈≈≈#
≈
≈PPP≈≈≈≈≈≈≈≈≈≈≈≈≈#
≈
≈≈≈≈≈≈≈≈≈≈≈≈≈≈≈≈≈#
≈
P≈PP..HC(≈≈≈≈≈≈≈≈#
≈≈≈.§§m@Y≈)≈≈≈≈≈≈#
≈≈≈..mC≈≈≈≈≈≈≈≈≈≈#
≈
≈≈≈≈..≈≈≈≈≈≈≈≈≈≈≈#
≈ ≈
≈≈≈≈≈≈≈≈≈≈≈≈≈≈≈≈≈#
≈ ≈
≈≈≈≈≈≈≈≈≈≈≈≈≈≈≈≈≈#
≈
≈≈≈≈≈≈≈≈≈≈≈≈≈≈≈≈≈#
≈≈≈≈≈≈≈≈≈≈≈≈≈≈≈≈≈#
≈≈≈≈≈≈≈≈≈≈≈≈≈≈≈≈≈#


You could see Polyphemus, a catoblepas, a merfolk, a manticore, a water nymph
(petrified) and a friendly cyclops (berserk).

Vanquished Creatures
  Donald (Snake:1)
  8 nagarajas
  Aizul (Snake:3)
  A stone giant (Volcano)
  2 merfolk impalers (Shoals:2)
  20 naga warriors
  2 catoblepae
  3 hydras
  2 merfolk aquamancers
  4 two-headed ogres
  10 anacondas
  6 death yaks
  9 shock serpents
  4 orc high priests (Orc:2)
  20 naga sharpshooters
  6 salamander mystics (Snake:4)
  A sun demon (Lair:6)
  A wizard (Lair:6)
  2 sea snakes
  5 naga ritualists
  An orc sorcerer (Orc:2)
  9 harpies (Shoals:2)
  5 manticores
  12 salamanders
  12 mana vipers
  An ugly thing (D:10)
  21 naga magi
  6 fauns (Shoals:1)
  4 merfolk sirens (Shoals:1)
  12 guardian serpents
  2 molten gargoyles (Volcano)
  33 black mambas
  14 spiny frogs
  An orange demon (Lair:6)
  A gargoyle (Volcano)
  A water nymph (Shoals:2)
  15 rime drakes
  5 komodo dragons
  An efreet (Volcano)
  A hellwing (Lair:6)
  2 trolls
  6 merfolk
  A queen bee (Lair:1)
  A hornet (D:7)
  5 snapping turtles
  3 wind drakes (Shoals:1)
  A dream sheep (Lair:6)
  12 blink frogs
  10 hippogriffs
  7 water elementals
  22 yaks
  Sigmund (D:6)
  2 fire bats (Volcano)
  2 basilisks
  A fire elemental (Volcano)
  7 steam dragons (Lair:2)
  Edmund (D:6)
  2 wargs (Orc:2)
  72 nagas
  2 acid dragons
  19 water moccasins
  5 hell hounds (Lair:6)
  8 porcupines
  A sky beast (D:7)
  A phantom (D:7)
  17 orc warriors
  An ice beast (D:7)
  8 ogres
  20 wolves
  8 centaurs
  8 crocodiles
  A big kobold (D:10)
  11 bullfrogs
  A wyvern zombie (D:9)
  2 earth elementals (Volcano)
  3 scorpions
  A water moccasin skeleton (D:10)
  31 killer bees
  4 howler monkeys
  2 lava snakes (Volcano)
  4 crimson imps
  A bullfrog zombie (D:5)
  A jelly (D:10)
  2 bullfrog skeletons
  3 hounds
  A gnoll shaman (D:7)
  31 orc priests
  2 centaur skeletons
  32 orc wizards
  Natasha (thrice) (D:3)
  An iguana (D:9)
  8 worker ants
  Terence (D:2)
  A hound zombie (D:10)
  A hound skeleton (D:10)
  8 gnolls
  A howler monkey skeleton (D:8)
  16 adders
  2 shadow imps
  2 oozes
  An adder zombie (D:5)
  2 adder skeletons
  4 worms
  4 dart slugs
  6 leopard geckos
  64 orcs
  2 giant cockroaches
  11 goblins
  9 hobgoblins
  7 jackals
  10 kobolds
  7 quokkas
  A ball python (D:3)
  7 bats
  8 frilled lizards
  9 rats
  A butterfly (D:7)
  5 fungi
  11 plants
867 creatures vanquished.

Vanquished Creatures (collateral kills)
  A dire elephant (Lair:6)
  An orange demon (Lair:6)
  A spiny frog (Lair:6)
  An ice devil (Lair:6)
  2 red devils (Lair:6)
  A hippogriff (Lair:6)
  4 dream sheep (Lair:6)
  A crocodile (Lair:6)
12 creatures vanquished.

Vanquished Creatures (others)
  A bush (Shoals:2)
  5 fungi
  5 plants
11 creatures vanquished.

Grand Total: 890 creatures vanquished

Notes
Turn   | Place    | Note
-------+----------+-------------------------------------------
     0 | D:1      | wnhky the Minotaur Berserker began the quest for the Orb.
     0 | D:1      | Reached XP level 1. HP: 19/19 MP: 0/0
   133 | D:1      | Reached XP level 2. HP: 10/27 MP: 1/1
   966 | D:2      | Noticed Terence
   971 | D:2      | Killed Terence
   971 | D:2      | Reached skill level 3 in Armour
   971 | D:2      | Reached XP level 3. HP: 23/33 MP: 2/2
  1325 | D:2      | Reached XP level 4. HP: 32/40 MP: 3/3
  1580 | D:2      | Reached ** piety under Trog
  2167 | D:3      | Reached skill level 5 in Axes
  2167 | D:3      | Reached XP level 5. HP: 18/47 MP: 4/4
  2403 | D:3      | Noticed Natasha
  2409 | D:3      | Killed Natasha
  2438 | D:3      | Reached skill level 5 in Fighting
  2720 | D:3      | Reached skill level 4 in Armour
  2914 | D:3      | Reached *** piety under Trog
  2992 | D:3      | Noticed a centaur
  3002 | D:3      | Killed a centaur
  3002 | D:3      | Reached XP level 6. HP: 31/56 MP: 5/5
  3098 | D:3      | Noticed Natasha
  3105 | D:3      | Killed Natasha
  3127 | D:3      | Noticed Natasha
  3137 | D:3      | Killed Natasha
  3504 | D:3      | Found a white marble altar of Elyvilon.
  3807 | D:4      | Reached XP level 7. HP: 31/63 MP: 6/6
  4160 | D:4      | Reached skill level 5 in Armour
  4992 | D:5      | Entered Level 5 of the Dungeon
  5410 | D:5      | Reached XP level 8. HP: 61/73 MP: 7/7
  5788 | D:5      | Reached skill level 6 in Armour
  5869 | D:5      | Reached **** piety under Trog
  5971 | D:5      | Found a hide-covered altar of Uskayaw.
  6224 | D:6      | Noticed Sigmund
  6232 | D:6      | Killed Sigmund
  6250 | D:6      | Noticed Edmund
  6263 | D:6      | Killed Edmund
  6263 | D:6      | Reached skill level 1 in Evocations
  6853 | D:6      | Reached skill level 7 in Armour
  7132 | D:6      | Reached skill level 5 in Dodging
  7432 | D:7      | Found a staircase to the Ecumenical Temple.
  7586 | D:7      | Reached XP level 9. HP: 49/82 MP: 9/9
  8069 | D:7      | Reached skill level 8 in Armour
  8194 | D:7      | Paralysed by a hornet for 2 turns
  8200 | D:7      | Paralysed by a hornet for 2 turns
  8211 | D:7      | Gained mutation: You passively map a small area around you. [potion of mutation]
  8211 | D:7      | Gained mutation: You are partially covered in icy blue scales. (AC +2) [potion of mutation]
  8572 | D:7      | Noticed a troll
  8579 | D:7      | Killed a troll
  8737 | D:7      | Reached skill level 9 in Armour
  8997 | D:7      | Reached XP level 10. HP: 93/93 MP: 11/11
  9155 | D:8      | Noticed a two-headed ogre
  9160 | D:8      | Killed a two-headed ogre
  9160 | D:8      | Reached skill level 10 in Fighting
  9362 | D:8      | Reached skill level 10 in Axes
  9469 | D:8      | Reached ***** piety under Trog
  9560 | D:8      | Noticed a two-headed ogre
  9564 | D:8      | Killed a two-headed ogre
 10061 | D:9      | Found Zin's Purification Station.
 10061 | D:9      | Found a glowing silver altar of Zin.
 10128 | D:9      | Reached skill level 10 in Armour
 10307 | D:9      | Found a staircase to the Lair.
 10325 | D:9      | Noticed a two-headed ogre
 10332 | D:9      | Killed a two-headed ogre
 10343 | D:9      | Found an iron altar of Okawaru.
 10382 | D:9      | Found Uxyxief's Magic Scroll Shop.
 10388 | D:9      | Bought a scroll of identify for 24 gold pieces
 10388 | D:9      | Bought a scroll of identify for 24 gold pieces
 10388 | D:9      | Bought a scroll of identify for 24 gold pieces
 10445 | D:9      | Found a bloodstained altar of Trog.
 10451 | D:9      | Found a sacrificial altar of Ru.
 10541 | D:10     | Entered Level 10 of the Dungeon
 10866 | D:10     | Reached XP level 11. HP: 87/102 MP: 13/13
 10875 | D:10     | Received a gift from Trog
 11076 | D:10     | Found Omnocwawn's Food Shoppe.
 11192 | D:10     | Noticed a cyan ugly thing
 11201 | D:10     | Killed a cyan ugly thing
 11329 | D:10     | Noticed a two-headed ogre
 11330 | D:10     | Found a staircase to the Orcish Mines.
 11334 | D:10     | Killed a two-headed ogre
 11840 | Lair:1   | Entered Level 1 of the Lair of Beasts
 11878 | Lair:1   | Reached skill level 11 in Armour
 12347 | Lair:1   | Noticed a five-headed hydra
 12353 | Lair:1   | Killed an eight-headed hydra
 12471 | Lair:1   | Reached skill level 5 in Evocations
 12787 | Lair:1   | Received a gift from Trog
 12791 | Lair:1   | Got a smoking battleaxe {god gift}
 12792 | Lair:1   | Identified the +9 battleaxe "Iwogar" {speed, *Drain +Fly Str+6 Int+5} (Trog gifted it to you on level 1 of the Lair of Beasts)
 13324 | Lair:1   | Reached XP level 12. HP: 100/113 MP: 15/15
 13455 | Lair:2   | Reached skill level 12 in Armour
 14914 | Lair:3   | Found a staircase to the Shoals.
 14922 | Lair:3   | Reached skill level 13 in Armour
 15563 | Lair:3   | Noticed a catoblepas
 15567 | Lair:3   | Killed a catoblepas
 15679 | Lair:4   | Found a dark tunnel.
 15690 | Volcano  | Entered a volcano
 15880 | Volcano  | Found a burning altar of Makhleb.
 15896 | Volcano  | Noticed a stone giant
 15903 | Volcano  | Killed a stone giant
 16038 | Lair:4   | Reached XP level 13. HP: 93/123 MP: 16/16
 16113 | Lair:4   | Found a staircase to the Snake Pit.
 16214 | Lair:4   | Reached ****** piety under Trog
 16216 | Lair:4   | Reached skill level 14 in Armour
 16294 | Lair:4   | Received a gift from Trog
 17288 | Lair:5   | Identified Sif Muna's Incunabulum of Icy Clay
 17391 | Lair:6   | Entered Level 6 of the Lair of Beasts
 17412 | Lair:6   | Reached skill level 15 in Armour
 17634 | Lair:6   | Found a burning altar of Makhleb.
 17667 | Lair:6   | Noticed a dire elephant
 17681 | Lair:6   | Killed a dire elephant
 17913 | Lair:6   | Found a gateway to Hell.
 18093 | Lair:6   | Reached skill level 16 in Armour
 18408 | Lair:6   | Reached skill level 15 in Fighting
 18584 | Lair:6   | Found a viscous altar of Jiyva.
 18584 | Lair:6   | Found a staircase to the Slime Pits.
 18996 | Orc:1    | Entered Level 1 of the Orcish Mines
 19113 | Orc:2    | Entered Level 2 of the Orcish Mines
 19192 | Orc:2    | Reached XP level 14. HP: 100/135 MP: 18/18
 19201 | Orc:2    | Received a gift from Trog
 19436 | Orc:2    | Found a staircase to the Elven Halls.
 19853 | Orc:2    | Reached skill level 15 in Axes
 19945 | Orc:2    | Found Plog's Armour Boutique.
 19949 | Orc:2    | Found Zeim's Distillery.
 19958 | Orc:2    | Found Nopp's General Store.
 19958 | Orc:2    | Found Zewa's Book Shop.
 20014 | Orc:2    | Bought a scroll of teleportation for 30 gold pieces
 20014 | Orc:2    | Bought a potion of heal wounds for 50 gold pieces
 20016 | Orc:2    | Bought a potion of heal wounds for 90 gold pieces
 20016 | Orc:2    | Bought a potion of heal wounds for 90 gold pieces
 20027 | Orc:2    | Bought the +2 ratskin cloak {+Rats rPois rN+ Str-1 Int-1 Dex+1} for 444 gold pieces
 20468 | Snake:1  | Entered Level 1 of the Snake Pit
 20469 | Snake:1  | Noticed Donald
 20480 | Snake:1  | Killed Donald
 20606 | Snake:1  | Reached skill level 17 in Armour
 20610 | Snake:1  | Received a gift from Trog
 21049 | Snake:1  | Reached skill level 1 in Shields
 21626 | Snake:1  | Reached skill level 10 in Dodging
 21803 | Snake:1  | Found Vumyts's Jewellery Emporium.
 21805 | Snake:1  | Found Asecatin's Gadget Boutique.
 21806 | Snake:1  | Found Ughid's Jewellery Emporium.
 22288 | Snake:2  | Reached skill level 18 in Armour
 22407 | Snake:2  | Reached XP level 15. HP: 91/144 MP: 19/19
 22411 | Snake:2  | Reached skill level 5 in Shields
 23723 | Snake:2  | Received a gift from Trog
 24674 | Snake:3  | Noticed a nagaraja
 24677 | Snake:3  | Noticed Aizul
 24686 | Snake:3  | Reached skill level 19 in Armour
 24691 | Snake:3  | Killed Aizul
 24695 | Snake:3  | Killed a nagaraja
 24889 | Snake:3  | Found Omarghi's Food Shop.
 25538 | Snake:4  | Entered Level 4 of the Snake Pit
 26570 | Snake:4  | Received a gift from Trog
 26624 | Snake:4  | Reached XP level 16. HP: 144/155 MP: 21/21
 27531 | Snake:4  | Received a gift from Trog
 27543 | Snake:4  | Reached skill level 20 in Armour
 28585 | Snake:4  | Got a serpentine rune of Zot
 28971 | Shoals:1 | Entered Level 1 of the Shoals
 29020 | Shoals:1 | Received a gift from Trog
 29891 | Shoals:2 | Reached XP level 17. HP: 155/166 MP: 23/23
 30580 | Shoals:2 | Noticed Polyphemus
 30603 | Shoals:2 | Slain by Polyphemus

Skill      XL: |  1  2  3  4  5  6  7  8  9 10 11 12 13 14 15 16 17 |
---------------+----------------------------------------------------+-----
Axes           | 4 5 6 7 8 9 11 12 13 14 15 16 17 18 | 18.1
Fighting       | 4 5 6 7 8 9 11 12 13 15 16 17 18 | 18.6
Armour         | 3 4 5 7 9 10 11 13 16 18 19 20 | 20.4
Dodging        | 3 4 5 6 7 8 9 10 11 12 | 12.0
Evocations     | 1 3 4 5 6 7 8 9 |  9.6
Shields        | 4 5 |  5.3

Action                   |  1- 3 |  4- 6 |  7- 9 | 10-12 | 13-15 | 16-18 || total
-------------------------+-------+-------+-------+-------+-------+-------++-------
Melee: Hand axe          |    79 |   114 |   350 |    29 |       |       ||   572
       Headbutt          |    15 |    25 |    86 |   122 |   229 |   144 ||   621
       War axe           |       |       |       |   265 |       |       ||   265
       Battleaxe         |       |       |       |   199 |   875 |   479 ||  1553
Invok: Berserk           |       |     2 |     6 |     7 |     9 |     3 ||    27
       Trog's Hand       |       |       |       |     1 |       |     1 ||     2
       Brothers in Arms  |       |       |       |       |     2 |     1 ||     3
       Burn Spellbooks   |       |       |       |       |     1 |       ||     1
 Abil: Evoke Flight      |       |       |       |       |       |     1 ||     1
Evoke: Wand              |       |       |       |       |     1 |     4 ||     5
  Use: Potion            |       |       |     5 |       |       |     1 ||     6
       Scroll            |       |       |       |    21 |    13 |     1 ||    35
 Stab: Sleeping          |     3 |       |       |       |       |       ||     3
       Petrified         |       |       |       |       |       |     1 ||     1
  Eat: Chunk             |     1 |     4 |    13 |    15 |    18 |     1 ||    52
       Bread ration      |       |     1 |     1 |     2 |     3 |     2 ||     9
       Meat ration       |       |       |     1 |     1 |     2 |     1 ||     5
       Fruit             |       |       |     1 |     2 |     1 |     2 ||     6
Armor: Animal skin       |    10 |     2 |       |       |       |       ||    12
       Ring mail         |       |    31 |   105 |    14 |       |       ||   150
       Chain mail        |       |       |       |   244 |   125 |       ||   369
       Scale mail        |       |       |       |     2 |       |       ||     2
       Plate armour      |       |       |       |       |   179 |   191 ||   370
Dodge: Dodged            |    49 |    62 |   206 |   354 |   615 |   322 ||  1608
